 Dungeon Sprint DCSS version 0.22-a0-42-g002c468 (webtiles) character file.

1877 theanonym the Basher (level 8, 0/121 HPs)
             Began as a Deep Dwarf Fighter on Jan 5, 2018.
             Was an Elder of Makhleb.
             Splashed by a yellow draconian's acid (9 damage)
             ... in the Dungeon (Sprint V: "Ziggurat Sprint").
             The game lasted 00:01:48 (139 turns).

theanonym the Basher (Deep Dwarf Fighter)            Turns: 139, Time: 00:01:48

Health: 0/121      AC: 13    Str: 39    XL:     8   Next: 91%
Magic:  10/15      EV:  1    Int:  9    God:    Makhleb [****..]
Gold:   0          SH: 31    Dex: 12    Spells: 7/7 levels left

rFire    + . .     SeeInvis .   H - +6 shillelagh "Devastator" {shatter}
rCold    + . .     Gourm    .   G - +18 shield of the Gong {rElec rN+ MR+ EV-5}
rNeg     + . .     Faith    .   t - +5 gold dragon scales {23 rF+ rC+ rPois}
rPois    +         Spirit   .   (no helmet)
rElec    +         Reflect  .   (no cloak)
rCorr    .         Harm     .   (no gloves)
MR       ++...     NoTele   +   (no boots)
Stlth    ..........             (no amulet)
HPRegen  0.00/turn              E - +6 ring of strength
MPRegen  0.14/turn              F - +6 ring of strength

@: berserking, corroded, very slightly contaminated, non-regenerating,
invisible, very quick
A: damage resistance, heal wounds, sense surroundings 1, no regeneration
a: Heal Wounds, Minor Destruction, Lesser Servant of Makhleb, Major Destruction,
Renounce Religion


Innate Abilities, Weirdness & Mutations

You are resistant to damage.
You can heal yourself by infusing magical energy.
You passively map a small area around you.
You do not regenerate.


   Skills:
 + Level 7.6 Fighting
 * Level 12.9 Maces & Flails
 + Level 9.0 Armour
 + Level 9.2 Shields
 + Level 9.8 Invocations


You had 7 spell levels left.
You didn't know any spells.

Skill      XL: |  1  2  3  4  5  6  7  8 |
---------------+-------------------------+-----
Maces & Flails | 7 8 10 11 12 | 12.9
Fighting       | 3 5 6 7 |  7.6
Armour         | 4 6 7 9 |  9.0
Shields        | 4 7 8 9 |  9.2
Invocations    | 2 6 7 8 9 |  9.8

Action                   |  1- 3 |  4- 6 |  7- 9 || total
-------------------------+-------+-------+-------++-------
Melee: Shillelagh        |     6 |     2 |    38 ||    46
  Use: Potion            |     1 |       |     2 ||     3
Armor: Gold dragon scale |     1 |       |    28 ||    29
Dodge: Dodged            |       |       |     1 ||     1
Block: Shield            |     8 |     2 |    76 ||    86

Inventory:

Hand Weapons
 a - a +0 flail
 H - the +6 shillelagh "Devastator" (weapon) {shatter}
   (You found it in the Dungeon)
Armour
 c - a +0 shield
 k - a +0 scale mail {10}
 t - +5 gold dragon scales (worn) {23 rF+ rC+ rPois}
   (You found it in the Dungeon)
 G - the +18 shield of the Gong (worn) {rElec rN+ MR+ EV-5}
   (You found it in the Dungeon)

   It affects your evasion (-5).
   It insulates you from electricity.
   It protects you from negative energy.
   It affects your resistance to hostile enchantments.
Jewellery
 A - a +6 ring of dexterity
   (You found it in the Dungeon)
 B - a +6 ring of dexterity
   (You found it in the Dungeon)
 C - a +6 ring of intelligence
   (You found it in the Dungeon)
 D - a +6 ring of intelligence
   (You found it in the Dungeon)
 E - a +6 ring of strength (left hand)
   (You found it in the Dungeon)
 F - a +6 ring of strength (right hand)
   (You found it in the Dungeon)
Wands
 v - a wand of acid (7)
   (You found it in the Dungeon)
 x - a wand of disintegration (7)
   (You found it in the Dungeon)
 y - a wand of iceblast (7)
   (You found it in the Dungeon)
Scrolls
 b - 4 scrolls of blinking
 f - 7 scrolls of fog
 p - 4 scrolls of amnesia
 r - 5 scrolls of identify
 s - a scroll of holy word
 u - 5 scrolls of remove curse
 z - 2 scrolls of fear
Potions
 d - 7 potions of might
 g - 2 potions of brilliance
 h - 6 potions of haste
 i - 7 potions of magic
 j - 2 potions of berserk rage
 l - a potion of invisibility
 m - 4 potions of resistance {rF+ rC+}
 o - 5 potions of agility
 q - 10 potions of heal wounds
 w - 10 potions of curing
Comestibles
 e - 7 rations You were in the Dungeon. You worshipped Makhleb. Makhleb was greatly pleased with you. You were not hungry. You visited 1 branch

Dungeon Overview and Level Annotations

Branches:
Dungeon (1/1)

Altars:
Ashenzari
Cheibriados
Dithmenos
Elyvilon
Fedhas
Gozag
Hepliaklqana
Kikubaaqudgha
Makhleb
Nemelex Xobeh
Okawaru
Qazlal
Ru
Sif Muna
Trog
Uskayaw
Vehumet
Wu Jian
Xom
Yredelemnul
Zin
The Shining One
Beogh
Jiyva
Lugonu

Annotations:
D 1 transporter

▓.....▓.....▓..©.)▓
▓..©..▓..©..▓▓▓▓▓▓▓
,▓▓▓▓▓▓▓▓▓▓▓▓▓▓▓▓▓▓▓
▓..8©8...▓..8©8...▓
*
▓..?.:...▓..|""...▓
,
,▓...=....▓..}.|...▓
▓........▓........▓
,
▓........▓..dd....▓
,,
▓.▓....▓.▓.▓d@d.▓.▓
,
,▓...©....▓...©....▓
▓▓▓▓▓▓▓▓▓▓▓▓▓▓▓▓▓▓▓
, , , * , , * , * ,
*, ,, , , , , , , ,
, , * , ,, ,


You could see a yellow draconian, a green draconian and 2 draconians.

Notes
Turn   | Place    | Note
-------+----------+-------------------------------------------
     0 | D        | Found the +6 Majin-Bo {vamp, Archmagi MP+6 Int+6}
     0 | D        | Found the +7 great mace "Firestarter" {inner flame, rF++}
     0 | D        | theanonym the Deep Dwarf Fighter began the quest for the Orb.
     0 | D        | Reached XP level 1. HP: 20/20 MP: 1/1
     2 | D        | Banished a spatial maelstrom
     7 | D        | Found a deep blue altar of Sif Muna.
     7 | D        | Found a sacrificial altar of Ru.
     7 | D        | Found a bloodstained altar of Trog.
     7 | D        | Found a stormy altar of Qazlal.
     7 | D        | Found an iron altar of Okawaru.
     7 | D        | Found a sparkling altar of Nemelex Xobeh.
     7 | D        | Found a blossoming altar of Fedhas.
     9 | D        | Found a transporter.
     9 | D        | Found an ancient bone altar of Kikubaaqudgha.
     9 | D        | Found a viscous altar of Jiyva.
     9 | D        | Found a corrupted altar of Lugonu.
     9 | D        | Found a hazy altar of Hepliaklqana.
     9 | D        | Found a burning altar of Makhleb.
     9 | D        | Found an opulent altar of Gozag.
    10 | D        | Banished a spatial maelstrom
    24 | D        | Found the +9 heavy crossbow "Sniper" {velocity, Acc+∞ SInv}
    24 | D        | Found the +10 dark maul {crush}
    24 | D        | Found the +15 Maxwell's patent armour {-Cast -Tele rElec MR+ rCorr}
    24 | D        | Found the +18 shield of the Gong {rElec rN+ MR+ EV-5}
    24 | D        | Found the cursed +14 obsidian axe {chop, +Fly SInv *Curse}
    26 | D        | Found the +6 shillelagh "Devastator" {shatter}
    26 | D        | Found the +11 plutonium sword {*Contam Stlth-}
    26 | D        | Found the +8 lance "Wyrmbane" {slay drac, rPois rF+ rC+ AC+3}
    26 | D        | Found the +9 sword of Zonguldrok {reap}
    26 | D        | Found the cursed +13 scythe of Curses {drain, *Curse}
    26 | D        | Found the +0 sword of Power
    26 | D        | Found the +3 mace of Variability {chaos}
    26 | D        | Found the +7 Singing Sword
    26 | D        | Found the +7 longbow "Piercer" {penet, EV-2}
    52 | D        | Became a worshipper of Makhleb the Destroyer
    53 | D        | Reached skill level 7 in Maces & Flails
    53 | D        | Reached XP level 2. HP: 27/27 MP: 2/2
    60 | D        | Entered arena 2.
    60 | D        | Noticed an earth elemental
    60 | D        | Noticed a deep elf archer
    60 | D        | Found a transporter.
    66 | D        | Killed an earth elemental
    66 | D        | Reached skill level 3 in Fighting
    66 | D        | Reached skill level 8 in Maces & Flails
    66 | D        | Reached skill level 4 in Armour
    66 | D        | Reached skill level 4 in Shields
    66 | D        | Reached skill level 2 in Invocations
    66 | D        | Reached XP level 3. HP: 34/34 MP: 2/4
    68 | D        | Killed a deep elf archer
    68 | D        | Reached skill level 5 in Fighting
    68 | D        | Reached skill level 10 in Maces & Flails
    68 | D        | Reached skill level 6 in Armour
    68 | D        | Reached skill level 7 in Shields
    68 | D        | Reached skill level 6 in Invocations
    68 | D        | Reached XP level 4. HP: 48/48 MP: 2/9
    68 | D        | Reached XP level 5. HP: 55/55 MP: 2/10
    68 | D        | Reached XP level 6. HP: 62/62 MP: 2/11
    73 | D        | Entered arena 3.
    73 | D        | Noticed a spriggan
    73 | D        | Noticed a spriggan
    73 | D        | Found a transporter.
    76 | D        | Killed a spriggan
    76 | D        | Reached * piety under Makhleb
    76 | D        | Reached skill level 6 in Fighting
    76 | D        | Reached skill level 11 in Maces & Flails
    76 | D        | Reached skill level 7 in Armour
    76 | D        | Reached skill level 7 in Invocations
    76 | D        | Reached XP level 7. HP: 69/69 MP: 3/12
    76 | D        | Killed a spriggan
    78 | D        | Reached skill level 8 in Invocations
    84 | D        | Entered arena 4.
    84 | D        | Found a transporter.
    92 | D        | Reached ** piety under Makhleb
    96 | D        | Reached skill level 8 in Shields
    96 | D        | Reached XP level 8. HP: 72/78 MP: 5/14
    99 | D        | Reached *** piety under Makhleb
    99 | D        | Reached skill level 12 in Maces & Flails
    99 | D        | Reached skill level 8 in Armour
   105 | D        | Identified the Catalogue of the Escort and Bewitchment (You found it in the Dungeon)
   106 | D        | Entered arena 5.
   106 | D        | Noticed a polar bear
   106 | D        | Found a transporter.
   110 | D        | Reached skill level 7 in Fighting
   111 | D        | Killed a polar bear
   111 | D        | Reached skill level 9 in Invocations
   114 | D        | Reached **** piety under Makhleb
   122 | D        | Entered arena 6.
   122 | D        | Noticed a draconian
   122 | D        | Noticed a yellow draconian
   122 | D        | Noticed a draconian
   122 | D        | Noticed a draconian
   122 | D        | Noticed a green draconian
   122 | D        | Found a transporter.
   123 | D        | Found the amulet of the Air {Inacc +Fly rElec EV+5 RMsl}
   126 | D        | Killed a draconian
   126 | D        | Reached skill level 9 in Armour
   126 | D        | Reached skill level 9 in Shields
   133 | D        | HP: 35/81 [acid (7)]
   137 | D        | HP: 17/81 [draconian/mace of protection (6)]
   139 | D        | Splashed by a yellow draconian's acid

Vanquished Creatures
  A deep elf archer (D)
  A draconian (D)
  A polar bear (D)
  2 spriggans (D)
  2 hell hounds (D)
  2 ice beasts (D)
  A black bear (D)
  An earth elemental (D)
  A white imp (D)
  2 bat zombies (D)
14 creatures vanquished.

Vanquished Creatures (others)
  2 spatial maelstroms (D)
2 creatures vanquished.

Grand Total: 16 creatures vanquished

Table legend:
 A = Turns spent in this place as a percentage of turns spent in the entire game.
 B = Non-inter-level travel turns spent in this place as a percentage of non-inter-level travel turns spent in the entire game.
 C = Inter-level travel turns spent in this place as a percentage of turns spent in this place.
 D = Turns resting spent in this place as a percentage of non-inter-level travel turns spent in this place.
 E = Turns spent auto-exploring this place as a percentage of non-inter-level travel turns spent in this place.
 F = Non-inter-level travel turns spent in this place divided by the number of levels of this place that you've seen.
                   A       B       C       D       E      F
               +-------+-------+-------+-------+-------+----------------------
         Total | 100.0 | 100.0 |   0.0 |   0.0 |   0.0 | 139.0
       Dungeon | 100.0 | 100.0 |   0.0 |   0.0 |   0.0 | 139.0
               +-------+-------+-------+-------+-------+----------------------
